 Dungeon Crawl Stone Soup version 0.26-a0-1038-gfb849e850a (webtiles) character file.

Game seed: 16445323468893685801

1275 Genkarius the Cudgeller (level 8, -13/69 HPs)
             Began as a Hill Orc Fighter on Dec 11, 2020.
             Was a Follower of Okawaru.
             Mangled by a white ugly thing (25 damage)
             ... on level 7 of the Dungeon.
             The game lasted 00:45:35 (5640 turns).

Genkarius the Cudgeller (Hill Orc Fighter)          Turns: 5640, Time: 00:45:39

Health: -13/69     AC: 15    Str: 24    XL:     8   Next: 53%
Magic:  8/8        EV:  5    Int: 12    God:    Okawaru [*.....]
Gold:   348        SH: 10    Dex: 10    Spells: 7/7 levels left

rFire    x . .     SeeInvis +   B - +5 mace of Capital Punishment {vorpal, rElec rF- Str+3 Int+4}
rCold    . . .     Faith    .   c - +0 kite shield
rNeg     . . .     Spirit   .   u - +0 plate armour
rPois    .         Reflect  .   (no helmet)
rElec    +         Harm     .   l - +0 cloak
rCorr    .         Rampage  .   I - +1 pair of gloves
Will     .....                  (no boots)
Stlth    ..........             b - amulet of regeneration
HPRegen  0.61/turn              D - ring of see invisible
MPRegen  0.11/turn              (no ring)

@: no status effects
A: no striking features
a: Heroism, Renounce Religion, Convert to Beogh


You were on level 7 of the Dungeon.
You worshipped Okawaru.
Okawaru was aware of your devotion.
You visited 2 branches of the dungeon, and saw 8 of its levels.
You also visited: Sewer.

You collected 348 gold pieces.

Inventory:

Hand Weapons
 a - a +0 war axe
 q - a +1 mace of draining
 t - a +2 morningstar of holy wrath
 z - a +3 long sword
 B - the +5 mace of Capital Punishment (weapon) {vorpal, rElec rF- Str+3 Int+4}
   (You took it off an orc on level 5 of the Dungeon)

   It inflicts extra damage upon your enemies.
   It affects your strength (+3).
   It affects your intelligence (+4).
   It makes you vulnerable to fire.
   It insulates you from electricity.
 F - a +2 flail of freezing
Missiles
 p - 2 boomerangs of dispersal (quivered)
Armour
 c - a +0 kite shield (worn)
 l - a +0 cloak (worn)
 u - a +0 plate armour (worn)
 E - a +1 robe of cold resistance
 I - a +1 pair of gloves (worn)
Jewellery
 b - an amulet of regeneration (around neck)
 i - an uncursed amulet of guardian spirit
 D - a ring of see invisible (left hand)
 J - an uncursed amulet of magic regeneration
Wands
 x - a wand of enslavement (9)
 C - a wand of paralysis (16)
Scrolls
 g - a scroll of remove curse
 h - 6 scrolls of teleportation
 j - 2 scrolls of enchant weapon
 k - a scroll of identify
 n - 2 scrolls of noise {unknown}
 o - 3 scrolls of magic mapping {unknown}
 s - a scroll of enchant armour {unknown}
 y - a scroll of amnesia {unknown}
 A - a scroll of immolation {unknown}
Potions
 d - a potion of might
 e - a potion of degeneration {unknown}
 f - 5 potions of curing {unknown}
 m - a potion of berserk rage {unknown}
 r - 3 potions of flight {unknown}
 v - a potion of haste {unknown}
 w - a potion of magic {unknown}
 G - a potion of mutation {unknown}
 H - 2 potions of ambrosia {unknown}


   Skills:
 + Level 5.4 Fighting
 - Level 5.2(7.6) Axes
 * Level 7.1(7.7) Maces & Flails
 + Level 5.4 Armour
 - Level 0.3 Dodging
 - Level 0.4 Stealth
 + Level 5.3 Shields


You had 7 spell levels left.
You didn't know any spells.
Your spell library was empty.

Dungeon Overview and Level Annotations

Branches:
Dungeon (7/15)             Temple (1/1) D:4           Sewer (visited)

Altars:
Ashenzari
Cheibriados
Dithmenos
Elyvilon
Fedhas
Gozag
Hepliaklqana
Kikubaaqudgha
Makhleb
Nemelex Xobeh
Okawaru
Qazlal
Ru
Sif Muna
Trog
Uskayaw
Vehumet
Wu Jian
Xom
Yredelemnul
The Shining One


Message History

You block the white ugly thing's attack.
You hit the white ugly thing.
The white ugly thing is lightly wounded.
The white ugly thing closely misses you.
The white ugly thing gores you. The white ugly thing freezes you!!
You sock the white ugly thing!
The white ugly thing is moderately wounded.
A wight comes into view. It is wielding a -3 halberd.
The white ugly thing gores you but does no damage.
You closely miss the white ugly thing.
The white ugly thing is moderately wounded.
The white ugly thing gores you! The white ugly thing freezes you!
An orc priest comes into view. It is wielding a +0 club.
You sock the white ugly thing!
The white ugly thing is moderately wounded.
A wight comes into view. It is wielding a +7 mace of freezing.
The white ugly thing gores you!
* * * LOW HITPOINT WARNING * * *
The white ugly thing freezes you!!
You die...

....................
###.#.............##
...##...........##
## #............#
#...........##
##.#....##..#
##.##./...#...
#.....).......
####.@...#...#
#.u...#....
#o.#.......
o..##...... .....
...... ...... ...#.#
z..###. ..#### .oz.
#.


You could see a white ugly thing, 2 wights, an orc priest and 2 orcs.

Vanquished Creatures
  Eustachio (D:6)
  An ice beast (D:6)
  A centaur (D:5)
  2 ogres
  A big kobold (Sewer)
  3 wights (D:6)
  A bullfrog zombie (D:7)
  A quasit (D:6)
  A hound (D:5)
  2 orc priests
  An orc wizard (D:3)
  An iron imp (D:6)
  A bullfrog skeleton (D:6)
  3 worker ants
  A hound skeleton (D:6)
  2 worker ant zombies
  10 adders
  A shadow imp (D:7)
  An ooze (D:4)
  5 worms
  3 dart slugs
  8 leopard geckos
  13 orcs
  7 bats
  10 giant cockroaches
  9 goblins
  17 hobgoblins
  10 jackals
  10 kobolds
  4 quokkas (D:3)
  7 frilled lizards
  A jackal skeleton (D:5)
  7 rats
146 creatures vanquished.

Vanquished Creatures (others)
  A bat (D:3)
1 creature vanquished.

Grand Total: 147 creatures vanquished

Notes
Turn   | Place    | Note
-------+----------+-------------------------------------------
     0 | D:1      | Genkarius the Hill Orc Fighter began the quest for the Orb.
     0 | D:1      | Reached XP level 1. HP: 19/19 MP: 1/1
   293 | D:1      | Reached XP level 2. HP: 27/27 MP: 2/2
   897 | D:2      | Reached XP level 3. HP: 22/33 MP: 1/3
  1123 | D:2      | Reached XP level 4. HP: 32/40 MP: 4/4
  1214 | D:2      | Found a radiant altar of Vehumet.
  1698 | D:2      | Found a faded altar of an unknown god.
  1751 | D:2      | Found an ancient bone altar of Kikubaaqudgha.
  1751 | D:2      | Found a burning altar of Makhleb.
  1785 | D:3      | Reached XP level 5. HP: 41/47 MP: 5/5
  1903 | D:3      | Reached skill level 5 in Axes
  2149 | D:3      | Found a glowing drain.
  2173 | Sewer    | Entered a sewer
  2213 | Sewer    | Noticed a big kobold
  2240 | Sewer    | Killed a big kobold
  2241 | Sewer    | Reached skill level 1 in Maces & Flails
  2241 | Sewer    | Reached XP level 6. HP: 52/53 MP: 6/6
  2279 | Sewer    | Found a white marble altar of Elyvilon.
  2488 | D:3      | Reached skill level 2 in Maces & Flails
  2643 | D:4      | Found a staircase to the Ecumenical Temple.
  2685 | Temple   | Entered the Ecumenical Temple
  3186 | D:5      | Entered Level 5 of the Dungeon
  3490 | D:5      | Reached skill level 3 in Maces & Flails
  3493 | D:5      | Found an iron altar of Okawaru.
  3501 | D:5      | Became a worshipper of Warmaster Okawaru
  3709 | D:5      | Reached skill level 4 in Maces & Flails
  3709 | D:5      | Reached XP level 7. HP: 47/60 MP: 5/7
  4103 | D:5      | Identified the +5 mace of Capital Punishment {vorpal, rElec
                  | rF- Str+3 Int+4}
  4417 | D:6      | Found a snail-covered altar of Cheibriados.
  4643 | D:6      | Noticed Eustachio
  4655 | D:6      | Killed Eustachio
  4655 | D:6      | Reached * piety under Okawaru
  4656 | D:6      | Reached skill level 5 in Fighting
  4656 | D:6      | Reached skill level 5 in Maces & Flails
  4830 | D:6      | Reached skill level 5 in Armour
  4971 | D:6      | Reached skill level 5 in Shields
  4971 | D:6      | Reached XP level 8. HP: 47/68 MP: 6/8
  5081 | D:6      | Reached skill level 6 in Maces & Flails
  5506 | D:7      | Found a stormy altar of Qazlal.
  5568 | D:7      | Reached skill level 7 in Maces & Flails
  5632 | D:7      | Noticed a white ugly thing
  5640 | D:7      | Mangled by a white ugly thing

Illustrated notes

Levels and vault maps discovered:
D:1:      lightli_arrival_lavapool, layout_basic, serial_curves, eino_curves_03,
          eino_curves_03, nrook_mini_backslash
D:2:      cheibrodos_greedy_goblins, layout_rooms, vehumet_crystals,
          gammafunk_temple_overflow_wave, chequers_ecumenical_altar_lobes
D:3:      layout_basic, cheibrodos_sewer_entry_sluice
D:4:      layout_rooms, minmay_temple_entry_sparse_star
D:5:      layout_basic, lemuel_crystal_altar, grunt_ministairs_13
D:6:      layout_gridville, slow_altar_2, uniq_eustachio
D:7:      layout_cave_pools, grunt_qazlal_clouds, basic_altar
Temple:   regret_index_temple_waves

Skill      XL: |  1  2  3  4  5  6  7  8 |
---------------+-------------------------+-----
Axes           | 3 4 5 |  5.2
Fighting       | 4 5 |  5.4
Armour         | 4 5 |  5.4
Shields        | 4 5 |  5.3
Maces & Flails | 1 4 5 7 |  7.1
Dodging        | |  0.3
Stealth        | |  0.4

Action                   |  1- 3 |  4- 6 |  7- 9 || total
-------------------------+-------+-------+-------++-------
Melee: War axe           |   113 |   177 |       ||   290
       Mace              |       |   130 |    89 ||   219
  Use: Scroll            |       |     3 |     4 ||     7
Armor: Scale mail        |    52 |   127 |       ||   179
       Plate armour      |       |    27 |    49 ||    76
Dodge: Dodged            |    42 |   101 |    13 ||   156
Block: Kite shield       |    77 |   171 |    34 ||   282

Table legend: (Time is in decaauts)
 A = Elapsed time spent in this place.
 B = Non-inter-level travel time spent in this place.
 C = Inter-level travel time spent in this place.
 D = Time resting spent in this place.
 E = Time spent auto-exploring this place.
 F = Levels seen in this place.
 G = Mean time per level.
                   A        B        C        D        E       F      G
               +--------+--------+--------+--------+--------+-----+--------+
         Total |   5851 |   5682 |    169 |     10 |   4019 |   9 |  650.1 |
       Dungeon |   5433 |   5264 |    169 |     10 |   3955 |   7 |  776.1 |
        Temple |    131 |    131 |      0 |      0 |      0 |   1 |  131.0 |
         Sewer |    286 |    286 |      0 |      0 |     63 |   1 |  286.0 |
               +--------+--------+--------+--------+--------+-----+--------+

Top non-repeatable levels by time:
     D:6: 1231 daAuts
     D:5: 1082 daAuts
     D:2: 941 daAuts
     D:1: 896 daAuts
     D:3: 592 daAuts
     D:4: 529 daAuts
   Sewer: 286 daAuts
     D:7: 159 daAuts
  Temple: 131 daAuts
